Map: Dusk Towers

Players

MorroW

  • Race: Protoss Protoss
  • League: Grandmaster

MarineLorD - Winner!

  • Race: Terran Terran
  • League: Platinum

Event: NationWars III

VOD

Have the link to the VOD?

Description

Time

  • Played on: Dec. 6, 2015, 3:19 p.m.
  • Length: 16:47
Show
View Real Time Build Order
Export as new Build Order

MorroW Protoss 

Build Orders: 1 Gate Expand, Double Forge, Nexus First 

Get SALT Encoding   

  12  0:01  Probe (Chrono Boost)  
  13  0:11  Probe (Chrono Boost)  
  14  0:17  Pylon  
  14  0:22  Probe (Chrono Boost)  
  16  0:35  Probe (Chrono Boost)  
  16  0:36  Gateway  
  16  0:46  Probe (Chrono Boost)  
  17  1:05  Nexus  
  17  1:12  Assimilator  
  17  1:13  Probe (Chrono Boost)  
  18  1:24  Probe (Chrono Boost)  
  19  1:27  Cybernetics Core  
  19  1:34  Probe (Chrono Boost)  
  19  1:37  Assimilator  
  20  1:44  Pylon  
  20  1:45  Probe (Chrono Boost)  
  21  1:55  Probe (Chrono Boost)  
  24  2:09  Mothership Core (Chrono Boost)  
  24  2:13  Adept  
  26  2:18  Probe (Chrono Boost)  
  27  2:23  Warp Gate  
  27  2:27  Probe (Chrono Boost)  
  27  2:28  Probe (Chrono Boost)  
  29  2:38  Probe (Chrono Boost)  
  29  2:39  Probe (Chrono Boost)  
  29  2:41  Adept  
  33  2:48  Probe (Chrono Boost)  
  33  2:49  Probe (Chrono Boost)  
  33  2:50  Robotics Facility  
  35  2:59  Probe (Chrono Boost)  
  35  3:01  Pylon  
  35  3:02  Probe (Chrono Boost)  
  35  3:05  Pylon  
  37  3:09  Probe (Chrono Boost)  
  37  3:12  Probe (Chrono Boost)  
  39  3:16  Adept  
  42  3:20  Probe (Chrono Boost)  
  42  3:22  Pylon  
  42  3:23  Probe (Chrono Boost)  
  41  3:30  Probe (Chrono Boost)  
  41  3:33  Probe (Chrono Boost)  
  43  3:38  Observer  
  43  3:41  Probe (Chrono Boost)  
  45  3:44  Probe (Chrono Boost)  
  45  3:45  Assimilator x2  
  45  3:46  Adept  
  48  3:51  Probe (Chrono Boost)  
  48  3:54  Probe (Chrono Boost)  
  48  3:55  Pylon  
  50  4:00  Observer  
  50  4:02  Probe (Chrono Boost)  
  52  4:05  Probe (Chrono Boost)  
  53  4:12  Probe (Chrono Boost)  
  55  4:17  Nexus  
  55  4:21  Immortal  
  60  4:28  Probe x2 (Chrono Boost)  
  60  4:35  Gateway  
  60  4:36  Gateway x2  
  62  4:38  Probe x2 (Chrono Boost)  
  62  4:51  Sentry  
  64  4:53  Forge  
  64  4:54  Forge  
  64  4:55  Twilight Council  
  64  4:58  Pylon  
  64  5:02  Warp Prism  
  64  5:05  Probe x2 (Chrono Boost)  
  67  5:15  Probe (Chrono Boost)  
  67  5:16  Sentry, Probe (Chrono Boost)  
  71  5:21  Resonating Glaives  
  71  5:26  Probe x2 (Chrono Boost)  
  73  5:32  Probe (Chrono Boost)  
  73  5:34  Protoss Ground Weapons Level 1 (Chrono Boost), Protoss Ground Armor Level 1 (Chrono Boost)  
  74  5:37  Probe x2  
  74  5:39  Adept x4  
  84  5:50  Probe x2  
  86  5:59  Probe  
  86  6:00  Adept x4  
  86  6:02  Probe  
  86  6:03  Probe  
  97  6:10  Observer  
  97  6:12  Assimilator  
  97  6:13  Assimilator  
  97  6:15  Pylon  
  97  6:16  Pylon x2  
  97  6:22  Probe x3  
  100  6:31  Observer  
  101  6:34  Probe x3  
  101  6:35  Adept x4  
  98  6:46  Probe x3  
  99  6:49  Gateway  
  99  6:50  Gateway  
  99  6:51  Gateway  
  99  6:52  Gateway  
  99  6:53  Observer  
  100  6:58  Probe x2, Adept x2  
  100  6:59  Adept x2  
  104  7:06  Charge  
  102  7:17  Robotics Facility  
  102  7:18  Warp Prism  
  102  7:19  Robotics Bay, Stargate  
  102  7:21  Protoss Ground Armor Level 2 (Chrono Boost), Protoss Ground Weapons Level 2 (Chrono Boost)  
  102  7:28  Nexus  
  102  7:30  Pylon  
  102  7:36  Adept  
  104  7:37  Adept x3  
  110  7:49  Adept x4  
  118  7:54  Observer  
  119  8:02  Adept x3  
  119  8:03  Adept  
  127  8:08  Probe x3  
  127  8:11  Assimilator  
  130  8:14  Disruptor  
  130  8:15  Templar Archives  
  130  8:16  Assimilator  
  130  8:19  Pylon x2  
  133  8:20  Photon Cannon  
  132  8:30  Pylon  
  132  8:37  Disruptor, Oracle, Photon Cannon  
  132  8:38  Photon Cannon  
  132  8:39  Pylon  
  132  8:40  Photon Cannon  
  138  8:50  Stargate  
  138  8:53  Fleet Beacon  
  138  9:06  Adept x2  
  138  9:07  Adept x6  
  138  9:09  Warp Prism  
  136  9:12  Disruptor  
  141  9:17  Protoss Air Weapons Level 1  
  141  9:20  Protoss Ground Armor Level 3 (Chrono Boost)  
  141  9:21  Protoss Ground Weapons Level 3 (Chrono Boost)  
  141  9:28  Zealot  
  141  9:29  Zealot x7  
  157  9:41  Tempest x2 (Chrono Boost)  
  165  9:56  Warp Prism  
  165  9:57  Disruptor  
  165  9:58  Nexus  
  170  10:01  Photon Cannon  
  167  10:07  Pylon  
  167  10:12  High Templar x2  
  167  10:13  High Templar x2  
  175  10:17  Archon x2  
  175  10:19  Zealot  
  151  10:31  Zealot x3  
  151  10:34  Tempest x2 (Chrono Boost)  
  149  10:54  High Templar x4  
  149  10:56  Zealot x4  
  163  11:02  Archon x2  
  163  11:11  Tempest x2 (Chrono Boost)  
  152  11:21  Zealot x4  
  136  11:27  Zealot x4  
  119  11:44  Disruptor  
  119  11:45  Disruptor  
  117  11:50  Zealot  
  117  11:51  Zealot x7  
  117  12:03  Pylon  
  117  12:05  Tempest x2 (Chrono Boost)  
  111  12:11  Zealot x3  
  111  12:12  Zealot x4  
  114  12:20  Disruptor x2  
  112  12:39  High Templar x4  
  112  12:41  Zealot x4  
  128  12:46  Archon x2  
  128  12:52  Nexus  
  124  12:59  Pylon  
  124  13:03  Sentry x2  
  124  13:04  Zealot x2  
  122  13:29  Zealot x2  
  122  13:30  Zealot x6  
  122  13:34  Disruptor x2  
  138  13:36  Oracle (Chrono Boost)  
  138  13:37  Probe  
  138  13:38  Assimilator x2  
  148  13:47  Probe  
  148  13:53  Stalker  
  151  13:58  Probe  
  152  14:09  Disruptor, Warp Prism  
  152  14:10  High Templar x4  
  152  14:16  Zealot x3  
  170  14:17  Zealot  
  165  14:28  Photon Cannon  
  165  14:29  Photon Cannon  
  159  14:40  Zealot  
  159  14:41  Zealot x3  
  167  14:52  Archon x2  
  165  14:56  Zealot x3  
  170  15:01  Pylon x2  
  170  15:02  Pylon x2  
  170  15:03  Pylon  
  170  15:04  Pylon  
  170  15:05  Nexus  
  162  15:18  Zealot  
  164  15:21  Nexus, High Templar x5  
  164  15:22  Pylon  
  164  15:23  Pylon  
  129  15:45  Zealot x3  
  123  15:56  Tempest (Chrono Boost)  
  124  15:58  Archon  
  124  15:59  Archon  
  118  16:13  Zealot  
  118  16:14  Zealot x7  
Show
View Real Time Build Order
Export as new Build Order

MarineLorD Terran - Winner!

Build Orders: Bio Tank, MMM Bio 

Get SALT Encoding   

  12  0:00  SCV  
  13  0:12  SCV  
  14  0:16  Supply Depot  
  14  0:25  SCV  
  15  0:38  SCV  
  15  0:39  Barracks  
  16  0:43  Refinery  
  16  0:50  SCV  
  17  1:02  SCV  
  18  1:14  SCV  
  19  1:26  Orbital Command  
  19  1:28  Barracks Reactor  
  19  1:39  Command Center  
  19  1:51  Supply Depot  
  19  1:52  SCV  
  20  2:04  SCV  
  20  2:05  Marine  
  20  2:06  Marine  
  23  2:16  SCV  
  23  2:17  Factory  
  24  2:23  Marine  
  24  2:24  Marine  
  24  2:28  SCV  
  27  2:40  SCV  
  27  2:41  Marine  
  27  2:42  Marine  
  30  2:51  Orbital Command  
  30  2:52  SCV  
  31  2:59  Marine x2  
  31  3:00  Factory Tech Lab  
  31  3:05  SCV  
  34  3:17  SCV, Marine x2  
  37  3:20  SCV  
  41  3:27  Cyclone  
  41  3:29  SCV  
  41  3:32  SCV  
  42  3:34  Marine  
  42  3:35  Marine  
  42  3:41  Supply Depot, SCV  
  45  3:43  Command Center  
  45  3:46  SCV  
  45  3:47  Supply Depot  
  46  4:02  SCV x2, Siege Tank, Marine x2  
  53  4:04  Refinery  
  53  4:14  SCV x2  
  53  4:16  Barracks  
  55  4:17  Barracks  
  55  4:22  Marine x2  
  57  4:26  SCV x2  
  59  4:31  Supply Depot  
  59  4:33  Supply Depot  
  59  4:37  Siege Tank  
  62  4:50  Engineering Bay x2  
  62  4:53  SCV x2, Refinery, Marine x2  
  62  4:54  Refinery  
  62  4:58  Orbital Command  
  66  5:05  SCV x2  
  68  5:07  Barracks Tech Lab x2  
  68  5:12  Siege Tank  
  71  5:18  SCV, Missile Turret  
  71  5:20  SCV  
  73  5:26  SCV, Missile Turret  
  74  5:34  Terran Infantry Weapons Level 1, Terran Infantry Armor Level 1  
  74  5:36  SCV  
  74  5:37  SCV  
  74  5:40  Supply Depot  
  76  5:44  Stimpack  
  76  5:45  Orbital Command  
  76  5:49  SCV  
  78  5:53  SCV, Siege Tank  
  81  6:01  SCV  
  81  6:02  Supply Depot  
  81  6:03  Marine, Marauder x2  
  87  6:05  SCV  
  87  6:13  SCV  
  87  6:17  SCV, Bunker  
  88  6:20  Marine  
  88  6:24  SCV, Marauder  
  88  6:25  SCV, Siege Tank  
  96  6:30  SCV  
  97  6:34  Marauder  
  97  6:36  SCV  
  97  6:37  SCV, Marine x2  
  101  6:42  SCV  
  98  6:49  SCV, Marauder  
  98  6:53  Orbital Command  
  98  6:54  SCV  
  101  6:55  Marine  
  101  6:59  Barracks  
  97  7:01  SCV  
  97  7:02  Barracks  
  97  7:05  Armory  
  97  7:06  SCV  
  99  7:10  Combat Shields, Marauder  
  99  7:11  Marine  
  99  7:14  SCV  
  103  7:18  SCV  
  103  7:19  Siege Tank  
  107  7:26  SCV  
  107  7:29  Starport  
  108  7:30  Starport  
  108  7:32  Supply Depot  
  108  7:34  Supply Depot, SCV  
  109  7:38  SCV  
  109  7:41  SCV  
  111  7:49  Barracks Reactor, Barracks Tech Lab  
  111  7:50  SCV  
  112  7:53  SCV  
  112  7:55  SCV  
  112  7:56  Refinery  
  112  7:57  Refinery  
  114  8:01  Factory Tech Lab  
  114  8:02  SCV, Terran Infantry Weapons Level 2  
  114  8:03  Terran Infantry Armor Level 2  
  115  8:05  SCV  
  115  8:08  SCV  
  117  8:12  Barracks Reactor  
  117  8:14  SCV, Concussive Shells  
  117  8:17  Supply Depot x2, SCV  
  119  8:20  SCV, Medivac x2  
  124  8:29  SCV  
  124  8:30  SCV  
  124  8:32  Missile Turret  
  124  8:34  Marine x4  
  126  8:35  Marine, Liberator x2  
  126  8:37  Fusion Core  
  126  8:39  Supply Depot  
  131  8:41  Supply Depot  
  131  8:48  Command Center  
  131  8:51  Supply Depot  
  131  8:52  Marine  
  131  8:54  Medivac  
  131  8:55  Marine  
  140  8:56  Marauder  
  140  8:57  Marine  
  140  8:59  Marine  
  140  9:02  Marauder  
  146  9:03  Marauder  
  146  9:07  Liberator  
  148  9:12  Marine  
  148  9:13  Marine  
  150  9:18  Liberator, Marauder  
  150  9:19  Marine x2  
  150  9:23  Marauder, Liberator  
  159  9:24  Marauder  
  159  9:30  Marine x2  
  163  9:37  Marine x2  
  168  9:39  Marauder  
  168  9:43  Advanced Ballistics  
  173  9:48  Supply Depot  
  173  9:50  Supply Depot x2  
  173  9:59  Marine x4  
  181  10:00  Marauder x3  
  181  10:06  Terran Ship Weapons Level 1  
  183  10:07  Supply Depot  
  183  10:17  Marine x2  
  183  10:18  Marine  
  190  10:21  Marauder x2  
  190  10:22  Marauder  
  190  10:24  Marine  
  173  10:32  Liberator  
  173  10:35  Marine x2  
  175  10:36  Marine  
  175  10:42  Marine  
  170  10:43  Marauder x3  
  176  10:53  Marine x2  
  176  10:54  Marine  
  176  10:56  Medivac x2  
  182  11:00  Marine  
  182  11:04  Marauder x2  
  182  11:05  Marauder  
  182  11:10  Marine x2  
  182  11:12  Marine  
  182  11:18  Marine  
  164  11:25  Marauder x2  
  164  11:26  Barracks, Marauder  
  164  11:28  Barracks, Marine x2  
  164  11:29  Marine  
  164  11:31  Medivac x2  
  164  11:32  Medivac  
  171  11:36  Marine  
  161  11:46  Marine x3  
  159  11:47  Marine, Marauder x2  
  159  11:54  Marine  
  160  11:55  Orbital Command  
  146  12:01  Medivac x2  
  146  12:04  Marine x2  
  146  12:05  Marine, Marauder  
  135  12:08  Marauder  
  135  12:09  Marauder  
  135  12:11  Missile Turret, Marine  
  131  12:21  Liberator x2  
  131  12:22  Marine x2  
  128  12:23  Marine  
  128  12:24  Liberator  
  128  12:26  Marauder  
  128  12:28  Barracks Reactor, Barracks Tech Lab  
  128  12:29  Marine x3  
  131  12:31  Terran Infantry Weapons Level 3, Terran Infantry Armor Level 3  
  131  12:36  Terran Ship Weapons Level 2  
  132  12:39  Marine x2  
  132  12:41  Marine  
  144  12:47  Marine x4  
  148  12:52  Marauder  
  148  12:57  Marine x2  
  147  12:58  Marine  
  147  13:04  Liberator x2  
  147  13:05  Marauder x2, Marine  
  153  13:06  Command Center  
  153  13:07  Liberator  
  153  13:09  Marine  
  153  13:10  Marauder  
  153  13:12  Missile Turret  
  151  13:15  Marauder  
  140  13:26  Marauder x2  
  141  13:27  Marine  
  141  13:31  Marauder  
  143  13:36  Marauder  
  143  13:38  Marine  
  146  13:43  Marine  
  146  13:44  Marine  
  146  13:47  Liberator  
  146  13:48  Marauder x2  
  152  13:53  Marauder  
  154  13:57  Marine  
  154  13:58  Marauder  
  157  14:03  Marine  
  157  14:04  Viking  
  157  14:07  Viking, Marine x3  
  157  14:09  Marauder x2  
  172  14:10  Marine  
  172  14:14  Marauder  
  166  14:19  Marauder  
  168  14:31  Marauder x2  
  171  14:32  Marine  
  171  14:34  Viking, Marine  
  171  14:35  Marauder, Marine  
  171  14:37  Marine  
  179  14:40  Marauder  
  181  14:46  Marine  
  181  14:52  Marauder x2  
  182  14:54  Viking  
  182  14:57  Marauder, Marine x3  
  189  15:02  Marauder  
  189  15:06  Marine  
  192  15:08  Marine  
  192  15:09  Marine  
  192  15:13  Marauder x2  
  191  15:14  Viking  
  191  15:18  Marauder  
  191  15:19  Viking  
  197  15:23  Marauder  
  197  15:25  Marine  
  200  15:33  Marine  
  200  15:34  Marine x2  
  200  15:35  Marauder x2  
  200  15:36  Marine  
  200  15:39  Marauder, Marine  
  188  15:43  Marine  
  188  15:44  Marauder  
  190  15:51  Marine  
  190  15:54  Sensor Tower  
  190  15:56  Marine x2  
  193  16:00  Marauder  
  193  16:01  Missile Turret  
  193  16:02  Marauder  
  197  16:04  Marauder  
  197  16:06  Viking  
  200  16:13  Sensor Tower  
  200  16:16  Marauder  
  200  16:17  Marine  
  191  16:18  Marine x2  
  191  16:19  Marine  
  191  16:22  Marauder  
  191  16:24  Marauder  
  199  16:42  Command Center  
Tags
 
Add a new tag
Caveats
  • Supply blocks, unpowered buildings, or Contaminate may cause inaccurate times.
  • Supply counts are checked every 10 seconds.